 Dungeon Crawl Stone Soup version 0.31.0-11-ge490571c62 (webtiles) character file.

Game seed: 13660315710348102571

11 RancidPinata the Sneak (level 2, -5/21 HPs)
             Began as an Octopode Delver on Feb 7, 2024.
             Slain by a water moccasin (10 damage)
             ... on level 5 of the Dungeon.
             The game lasted 00:02:34 (227 turns).

RancidPinata the Sneak (Octopode Delver)             Turns: 227, Time: 00:02:36

Health: -5/21      AC:  1    Str: 11    XL:     2   Next: 25%
Magic:  2/2        EV: 13    Int: 12    God:
Gold:   24         SH:  0    Dex: 13    Spells: 1/1 levels left

rFire   . . .        a - +0 short sword
rCold   . . .        (no shield)
rNeg    . . .        (helmet restricted)
rPois   .            (no amulet)
rElec   .            (no ring)
rCorr   .            (no ring)
SInv    .            (no ring)
Will    .....        (no ring)
Stlth   ++++         (no ring)
HPRegen 0.23/turn    (no ring)
MPRegen 0.08/turn    (no ring)
                     (no ring)

%: no passive effects
@: lethally poisoned (-5 -> -16)
A: almost no armour, amphibious, 8 rings, camouflage 1, gelatinous body 1,
(nimble swimmer 1), tentacles
a: no special abilities


You were on level 5 of the Dungeon.
You visited 1 branch of the dungeon, and saw 2 of its levels.

You collected 24 gold pieces.

Inventory:

Hand Weapons
 a - a +0 short sword (weapon)
Wands
 f - a wand of digging (3)
Scrolls
 b - a scroll of fog
 c - a scroll of revelation
 d - a scroll of fear
Potions
 e - a potion of haste


   Skills:
 * Level 3.1 Fighting
 + Level 2.1 Short Blades
 * Level 2.2 Dodging
 * Level 6.8 Stealth


You had one spell level left.
You didn't know any spells.
Your spell library was empty.

Dungeon Overview and Level Annotations

Branches:
Dungeon (6/15)
 Temple: D:4-7

Altars:

Shops:
D:5 !(


Innate Abilities, Weirdness & Mutations

You cannot wear most types of armour.
You are amphibious.
You can wear up to eight rings at the same time.
Your skin changes colour to match your surroundings (Stealth+).
Your rubbery body absorbs attacks. (AC +1, EV +1)
((You are camouflaged when in or above water. (Stealth+)))
You have tentacles for arms and can constrict up to eight enemies at once.


Message History

You open the door.
Found a runed scale mail.
There is an open door here.
You enter the deep water.
Found a leather armour.
You see here a +0 leather armour.
You now have 24 gold pieces (gained 10).
You open the door.
There is an open door here.
A sleepcap comes into view.
Found a scroll labelled ROYXZI NYPTEW.
An ogre comes into view. It is wielding a +0 giant club.
There is an open door here.
You close the door.
You see here a +0 leather armour.
A water moccasin comes into view.
The helpless water moccasin fails to defend itself.
You puncture the water moccasin! Your grab misses the water moccasin.
The water moccasin is heavily wounded.
The water moccasin bites you. The water moccasin barely misses you.
You completely miss the water moccasin. Your grab misses the water moccasin.
Your squeeze misses the water moccasin.
The water moccasin is heavily wounded.
The water moccasin completely misses you.
You miss the water moccasin. You grab the water moccasin.
The water moccasin is heavily wounded.
You constrict the water moccasin. The water moccasin bites you.
You completely miss the water moccasin.
The water moccasin is heavily wounded.
You constrict the water moccasin, but do no damage.
The water moccasin bites you.
You are lethally poisoned!
The water moccasin poisons you!
You hit the water moccasin.
The water moccasin is severely wounded.
You constrict the water moccasin.
* * * LOW HITPOINT WARNING * * *
You feel very sick. The water moccasin closely misses you.
The water moccasin bites you!
You die...

#≈≈≈≈≈~≈≈.~≈~~..~≈≈≈# #..
##≈≈≈≈~~~~.~≈~~~~≈≈≈≈≈#..
#####.~.~~.....~.~.~####..
#.....#..~........+.......
##....+.############.......
#.....#.# #.......
#.....#.# ##### #.
#.....#.########## #####.
#....[#...@S...... ......
#.....############ ......
##....# ###### #....#
##+### #########.#
..........# ###########


You could see a water moccasin.

Vanquished Creatures
  An adder (D:5)
  An orc (D:5)
2 creatures vanquished.

Notes
Turn   | Place    | Note
-------+----------+-------------------------------------------
     0 | D:5      | RancidPinata the Octopode Delver began the quest for the
                  | Orb.
     0 | D:5      | Reached XP level 1. HP: 16/16 MP: 1/1
     1 | D:6      | Noticed an ice beast
    21 | D:5      | Reached XP level 2. HP: 21/21 MP: 2/2
    72 | D:5      | Found Junum's Antique Weapon Boutique.
    96 | D:5      | Found Idafit's Distillery.
   195 | D:5      | Noticed an ogre
   219 | D:5      | Noticed a water moccasin
   227 | D:5      | Slain by a water moccasin

Illustrated notes

Levels and vault maps discovered:
D:5:      layout_basic, serial_rivers, chequers_serial_rivers_micro_a,
          chequers_serial_rivers_small_3, chequers_serial_rivers_large_b,
          chequers_serial_rivers_room_b, chequers_serial_rivers_marsh,
          chequers_serial_rivers_micro_e, serial_shops,
          nicolae_shop_tiny_real_fake_doors, shop, kennysheep_little_box,
          nicolae_shop_rolled_up
D:6:      layout_loops_corners, serial_shops, kennysheep_mini, minmay_bent,
          uniq_edmund

Action                     || total
---------------------------++-------
  Melee: Short sword       ||     7
         Constrict         ||     2
         Tentacles         ||     1
   Stab: Sleeping          ||     2
 Armour: Skin              ||     4
  Dodge: Dodged            ||     4
